 Dungeon Crawl Stone Soup version 0.30.0-29-ga12c61a403 (webtiles) character file.

Game seed: 16114058241569037147

695 Tirrikindir the Cudgeller (level 7, 0/44 HPs)
             Began as a Gargoyle Berserker on June 8, 2023.
             Was a Priest of Trog.
             Slain by an orc wizard
             ... wielding a +0 dagger
              (1 damage)
             ... on level 5 of the Dungeon.
             The game lasted 00:11:13 (3295 turns).

Tirrikindir the Cudgeller (Gargoyle Berserker)      Turns: 3295, Time: 00:11:13

Health: 0/44       AC: 14    Str: 20    XL:     7   Next: 64%
Magic:  7/7        EV:  9    Int: 14    God:    Trog [***...]
Gold:   302        SH:  0    Dex: 11    Spells: 6/6 levels left

rFire   . . .        h - +0 whip (chaos)
rCold   . . .        (no shield)
rNeg    + + .        p - +0 chain mail
rPois   ∞            (no helmet)
rElec   +            (no cloak)
rCorr   .            (no gloves)
SInv    .            (no boots)
Will    .....        (no amulet) Stlth
                     k - +6 ring of intelligence
HPRegen 0.27/turn    b - ring of positive energy
MPRegen 0.10/turn

%: no passive effects
@: no status effects
A: sickness immunity, AC +4, negative energy resistance 1, electricity
resistance, torment resistance 1, petrification resistance
a: Renounce Religion, Berserk, Trog's Hand


You were on level 5 of the Dungeon.
You worshipped Trog.
Trog was most pleased with you.
You visited 1 branch of the dungeon, and saw 5 of its levels.
You also visited: Ossuary.

You collected 463 gold pieces.
You spent 161 gold pieces at shops.

Inventory:

Hand Weapons
 h - a +0 whip of chaos (weapon)
Missiles
 f - 5 boomerangs (quivered)
Armour
 p - a +0 chain mail (worn)
Jewellery
 b - a ring of positive energy (right hand)
 k - a +6 ring of intelligence (left hand)
Wands
 a - a wand of mindburst (15)
 l - a wand of iceblast (4)
Scrolls
 m - 7 scrolls of teleportation
 t - a scroll of blinking {unknown}
Potions
 c - a potion of heal wounds
 e - 3 potions of haste {unknown}
 g - a potion of invisibility {unknown}
 i - 2 potions of might {unknown}
 j - a potion of brilliance {unknown}
 n - 5 potions of curing {unknown}
 q - 3 potions of mutation {unknown}
 r - a potion of ambrosia {unknown}
 s - a potion of lignification {unknown}


   Skills:
 + Level 4.9 Fighting
 * Level 5.6 Maces & Flails
 + Level 4.4 Armour
 - Level 3.0 Dodging
 + Level 2.4 Evocations


You had 6 spell levels left.
You didn't know any spells.
Your spell library was empty.

Dungeon Overview and Level Annotations

Branches:
Dungeon (5/15)            Ossuary (visited)
 Temple: D:4-7

Altars:
Ashenzari
Cheibriados
Gozag
Qazlal
Sif Muna
Trog

Shops:
D:2 !:*(!


Innate Abilities, Weirdness & Mutations

You are immune to sickness and miasma.
Your stone body is resilient. (AC +4)
You are immune to poison.
You resist negative energy. (rN+)
You are resistant to electric shocks. (rElec)
You are resistant to unholy torment.
You are immune to petrification.


Message History

You closely miss something. Your punch misses something.
Something hits you but does no damage. The orc closely misses you.
You barely miss something. You barely miss something.
The orc closely misses you.
You hear some strange, mumbled words.
A puff of flame appears from out of thin air!
The puff of flame misses you.
You closely miss something. Something hits you but does no damage.
The orc hits you but does no damage.
You hit something but do no damage.
You recover from your berserk rage.
The orc hits you from afar with a +0 trident.
Something hits you.
You closely miss something. The orc hits you but does no damage.
Something hits you but does no damage.
You miss something. You miss something. Something hits you but does no damage.
The orc hits you but does no damage.
You hit something. You freeze something. Something hits you but does no damage.
The orc hits you from afar with a +0 trident.
* * * LOW HITPOINT WARNING * * *
You closely miss something. Something hits you.
* * * LOW HITPOINT WARNING * * *
The orc hits you from afar with a +0 trident.
* * * LOW HITPOINT WARNING * * *
You hit something but do no damage. Something hits you.
* * * LOW HITPOINT WARNING * * *
The orc closely misses you.
You hit something but do no damage. Your punch misses something.
Something hits you but does no damage.
You hit something. Something hits you.
* * * LOW HITPOINT WARNING * * *
The orc hits you from afar with a +0 trident.
* * * LOW HITPOINT WARNING * * *
You miss something.
You are no longer corroded.
Something hits you but does no damage. The orc misses you.
Something hits you but does no damage.
You barely miss something. Something hits you.
You die...

#. #. .# #. .#.
#.# #<# # #># #
#. #†###.####
#.#.##..†......
#.....@#..##..
#...##{## .#
##. #o# .# .O.
.. ..... [.
...#... .
...≈≈≈...
...≈≈#≈≈...
...≈≈hc.≈≈...


You could see an ogre and an orc.

Vanquished Creatures
  A water moccasin (D:5)
  An ice beast (D:5)
  A black bear (D:4)
  3 jellies
  A hound (D:4)
  An iguana (D:4)
  An orc wizard (D:5)
  9 mummies
  2 adders
  A shadow imp (D:5)
  A white imp (D:5)
  An ufetubus (D:5)
  3 dart slugs
  An orc (D:3)
  A bat (D:2)
  7 endoplasms
  3 giant cockroaches
  5 hobgoblins
  6 jackals
  4 kobolds
  4 quokkas
  6 ball pythons
  7 frilled lizards
  10 goblins
  2 hobgoblin zombies (Ossuary)
  2 kobold zombies (Ossuary)
  4 orc zombies (Ossuary)
  8 rats
96 creatures vanquished.

Notes
Turn   | Place    | Note
-------+----------+-------------------------------------------
     0 | D:1      | Tirrikindir the Gargoyle Berserker began the quest for the
                  | Orb.
     0 | D:1      | Reached XP level 1. HP: 14/14 MP: 1/1
   119 | D:1      | Reached XP level 2. HP: 19/19 MP: 2/2
   703 | D:1      | Reached XP level 3. HP: 19/23 MP: 3/3
   910 | D:2      | Found a shimmering blue altar of Sif Muna.
   910 | D:2      | Found Teokilel's Book Emporium.
   937 | D:2      | Reached ** piety under Trog
   946 | D:2      | Found Xumeasub's Distillery.
   949 | D:2      | Bought a potion of degeneration for 14 gold pieces
   985 | D:2      | Found Yjullu's Assorted Antiques.
  1009 | D:2      | Bought a lumpy ruby potion for 22 gold pieces
  1009 | D:2      | Bought a scroll labelled KALUUDILOE for 25 gold pieces
  1255 | D:2      | Found Qomaiff's Distillery.
  1367 | D:2      | Found Zym Cav's Weapon Shoppe.
  1435 | D:2      | Bought a scroll labelled RASCHU IKAIMPAL for 25 gold pieces
  1459 | D:3      | Reached XP level 4. HP: 16/29 MP: 4/4
  2268 | D:2      | Bought a scroll of identify for 50 gold pieces
  2268 | D:2      | Bought a scroll labelled SOTOUQIY VIOM for 25 gold pieces
  2327 | D:4      | Found a bloodstained altar of Trog.
  2346 | D:4      | Found a broken altar of Ashenzari.
  2346 | D:4      | Found a stormy altar of Qazlal.
  2346 | D:4      | Found an opulent altar of Gozag.
  2348 | D:4      | Found a snail-covered altar of Cheibriados.
  2362 | D:4      | Reached skill level 4 in Maces & Flails
  2401 | D:4      | Reached XP level 5. HP: 19/33 MP: 5/5
  2436 | D:4      | Reached *** piety under Trog
  2525 | D:4      | Found a sand-covered staircase.
  2540 | D:4      | Reached skill level 1 in Evocations
  2548 | Ossuary  | Entered an ossuary
  2671 | Ossuary  | Reached XP level 6. HP: 38/38 MP: 6/6
  3039 | D:4      | Noticed a black bear
  3053 | D:4      | Killed a black bear
  3202 | D:5      | Entered Level 5 of the Dungeon
  3205 | D:5      | Noticed a water moccasin
  3207 | D:5      | Noticed an ice beast
  3218 | D:5      | Killed a water moccasin
  3219 | D:5      | Reached skill level 5 in Maces & Flails
  3219 | D:5      | Reached XP level 7. HP: 44/44 MP: 7/7
  3293 | D:5      | HP: 1/44 [orc/+0 trident (2)]
  3295 | D:5      | Slain by an orc wizard

Illustrated notes

Levels and vault maps discovered:
D:1:      lemuel_arrival_room, layout_basic, minmay_box_of_dots
D:2:      layout_basic, basic_altar, serial_shops, nicolae_shop_real_fake_doors,
          shop, nicolae_shop_getting_attention,
          nicolae_shop_bloodbath_and_beyond, shop, minmay_goblin_outpost
D:3:      layout_basic
D:4:      layout_basic, mainiacjoe_overflow_chevrons,
          chequers_temple_overflow_statue_of_worship, gup_ossuary_entry_pyramid
D:5:      gammafunk_wand_slinger, layout_loops_ring, kennysheep_mini_moat,
          gup_sewer_entry_spiral, kennysheep_diamond, minmay_misc_feat_x

Skill      XL: |  1  2  3  4  5  6  7 |
---------------+----------------------+-----
Dodging        | 2 3 |  3.0
Maces & Flails | 4 5 |  5.6
Armour         | 3 4 |  4.4
Fighting       | 4 |  4.9
Evocations     | 1 2 |  2.4

Action                     |  1- 3 |  4- 6 |  7- 9 || total
---------------------------+-------+-------+-------++-------
  Melee: Mace              |    25 |       |       ||    25
         Whip              |   135 |   197 |    71 ||   403
         Punch             |     2 |     1 |     2 ||     5
  Throw: Boomerang         |     3 |    12 |       ||    15
 Invoke: Berserk           |       |     5 |       ||     5
         Trog's Hand       |       |     1 |       ||     1
    Use: Scroll            |     1 |     6 |       ||     7
         Potion            |       |     1 |       ||     1
   Stab: Paralysed         |       |       |     2 ||     2
 Armour: Animal skin       |     9 |       |       ||     9
         Leather armour    |    39 |       |       ||    39
         Scale mail        |    13 |    24 |       ||    37
         Chain mail        |       |    61 |    60 ||   121
  Dodge: Dodged            |    95 |    67 |    35 ||   197
